 Dungeon Crawl Stone Soup version 0.25.1-2-g60ff931df9 (webtiles) character file.

Game seed: 13545228526668660619

50 Almogavar the Cudgeler (level 3, -6/36 HPs)
             Began as a Gargoyle Berserker on Sept 22, 2020.
             Was a Believer of Trog.
             Mangled by Sigmund
             ... wielding a +0 scythe
              (10 damage)
             ... on level 2 of the Dungeon.
             The game lasted 00:03:06 (1546 turns).

Almogavar the Cudgeler (Gargoyle Berserker)         Turns: 1546, Time: 00:03:08

Health: -6/36      AC:  5    Str: 21    XL:     3   Next: 79%
Magic:  3/3        EV: 12    Int:  7    God:    Trog [**....]
Gold:   75         SH:  0    Dex:  9    Spells: 2/2 levels left

rFire    . . .     SeeInvis .   a - +0 mace
rCold    . . .     Gourm    .   (no shield)
rNeg     + . .     Faith    .   b - +0 animal skin
rPois    ∞         Spirit   .   (no helmet)
rElec    +         Reflect  .   (no cloak)
rCorr    .         Harm     .   (no gloves)
MR       .....                  (no boots)
Stlth    ..........             (no amulet)
HPRegen  0.12/turn              (no ring)
MPRegen  0.08/turn              (no ring)

@: berserking, very quick
A: negative energy resistance 1, electricity resistance, unbreathing,
petrification resistance, rot immunity, AC +3
a: Berserk, Trog's Hand, Renounce Religion


You were on level 2 of the Dungeon.
You worshipped Trog.
Trog was pleased with you.
You were hungry.

You visited 1 branch of the dungeon, and saw 2 of its levels.

You collected 75 gold pieces.

Inventory:

Hand Weapons
 a - a +0 mace (weapon)
Missiles
 g - 14 bolts
Armour
 b - a +0 animal skin (worn)
Scrolls
 e - a scroll of fear
 h - a scroll of remove curse
 j - a scroll of teleportation {unknown}
Potions
 d - a potion of heal wounds {unknown}
 i - 2 potions of degeneration {unknown}
Comestibles
 c - 2 rations
 f - 5 chunks of flesh


   Skills:
 + Level 3.8 Fighting
 + Level 4.0 Maces & Flails
 + Level 2.3 Armour
 + Level 1.8 Dodging


You had 2 spell levels left.
You didn't know any spells.
Your spell library was empty.

Dungeon Overview and Level Annotations

Branches:
Dungeon (2/15)

Altars:
Makhleb
Yredelemnul

Annotations:
D:2 1 runed translucent door, Crazy Yiuf, Sigmund


Innate Abilities, Weirdness & Mutations

You are resistant to torment.
Your stone body is resilient. (AC +3)
You are immune to poison.
You resist negative energy. (rN+)
You are resistant to electric shocks. (rElec)
You can survive without breathing.
You are immune to petrification.
You are immune to rotting.


Message History

You closely miss the kobold. Sigmund gestures at you while chanting.
The puff of flame hits you. The kobold closely misses you.
You barely miss Sigmund. Sigmund casts a spell at you. The magic dart hits you!
* * * LOW HITPOINT WARNING * * *
The frilled lizard completely misses you.
The kobold barely misses you.
Sigmund gestures wildly while chanting.
Sigmund flickers and vanishes!
Deactivating autopickup; reactivate with Ctrl-A.
The frilled lizard closely misses you.
A red film seems to cover your vision as you go berserk!
You feel yourself moving faster!
You feel mighty!
You are feeling hungry.
The kobold barely misses you. The frilled lizard bites you.
* * * LOW HITPOINT WARNING * * *
Something hits you!
You die...

.. ## .# ## .# #.?.. ..
.##.#.##.###.#..
.............. ..#.#..#
#.. #......# #.#
...###l#.#..###.# .##
.....rK@........# ..
....##{.....#.#.##(###.
.......................
............###.##.###..
..#.##.....## #.........
. #. #.#.### #...#.##..
# ...#.# ##.## ....
......# ##.#.# #...
#.###### ##.###.##...


You could see a kobold, a frilled lizard and a rat.

Vanquished Creatures
  An adder (D:2)
  A worm (D:2)
  2 dart slugs (D:1)
  A leopard gecko (D:1)
  2 giant cockroaches
  5 goblins
  3 hobgoblins (D:1)
  6 bats
  5 frilled lizards
  6 kobolds
  A rat (D:1)
33 creatures vanquished.

Notes
Turn   | Place    | Note
-------+----------+-------------------------------------------
     0 | D:1      | Almogavar the Gargoyle Berserker began the quest for the
                  | Orb.
     0 | D:1      | Reached XP level 1. HP: 14/14 MP: 1/1
   253 | D:1      | Reached XP level 2. HP: 18/19 MP: 2/2
   727 | D:1      | Reached XP level 3. HP: 23/23 MP: 3/3
  1337 | D:2      | Found a runed translucent door.
  1338 | D:2      | Noticed Crazy Yiuf
  1395 | D:2      | Found a burning altar of Makhleb.
  1395 | D:2      | Found a basalt altar of Yredelemnul.
  1404 | D:2      | Reached ** piety under Trog
  1523 | D:2      | Reached skill level 4 in Maces & Flails
  1536 | D:2      | Noticed Sigmund
  1546 | D:2      | Mangled by Sigmund

Illustrated notes

Levels and vault maps discovered:
D:1:      dpeg_arrival_renting, layout_loops_corners, minivault_24
D:2:      layout_loops_ring, gammafunk_temple_overflow_wave,
          doesnt_xom_only_xom, uniq_sigmund, uniq_crazy_yiuf_cottage

Skill      XL: |  1  2  3 |
---------------+----------+-----
Maces & Flails | 4 |  4.0
Fighting       | |  3.8
Armour         | |  2.3
Dodging        | |  1.8

Action                   || total
-------------------------++-------
Melee: Mace              ||   101
Invok: Berserk           ||     1
  Use: Scroll            ||     2
 Stab: Sleeping          ||     1
  Eat: Chunk             ||     2
Armor: Animal skin       ||    39
Dodge: Dodged            ||    74
